 Dungeon Crawl Stone Soup version 0.24-a0-443-g80245de385 (webtiles) character file.

Game seed: 7046094226561318788

249 HAL9000 the Ruffian (level 5, 0/40 HPs)
             Began as a Draconian Transmuter on June 21, 2019.
             Slain by an orc
             ... wielding a +0 club
              (3 damage)
             ... on level 2 of the Dungeon.
             The game lasted 00:06:42 (3678 turns).

HAL9000 the Ruffian (Draconian Transmuter)          Turns: 3678, Time: 00:06:43

Health: 0/40       AC:  2    Str: 12    XL:     5   Next: 86%
Magic:  5/8        EV: 17    Int: 15    God:
Gold:   76         SH:  0    Dex: 16    Spells: 2/8 levels left

rFire    . . .     SeeInvis .     - Unarmed
rCold    . . .     Gourm    .   (shield currently unavailable)
rNeg     + . .     Faith    .   (armour unavailable)
rPois    x         Spirit   .   (helmet currently unavailable)
rElec    .         Reflect  .   (cloak currently unavailable)
rCorr    .         Harm     .   (gloves currently unavailable)
MR       .....                  (boots currently unavailable)
Stlth    +.........             (no amulet)
HPRegen  0.13/turn              h - ring of positive energy
MPRegen  0.11/turn              (no ring)

@: spider-form (expiring), heavily drained
A: tiny, unfitting armour, AC +5
a: End Transformation


You were on level 2 of the Dungeon.
You were not hungry.
You were a venomous arachnid creature.
You visited 1 branch of the dungeon, and saw 3 of its levels.

You collected 76 gold pieces.

Inventory:

Missiles
 a - 12 arrows
 e - 6 atropa-tipped darts (quivered)
Armour
 d - a +0 cloak (melded)
 i - a cursed +0 pair of boots (melded)
Jewellery
 h - a ring of positive energy (left front leg)
 n - an uncursed amulet of harm
Wands
 m - a wand of random effects (11)
Scrolls
 b - 2 scrolls of identify {unknown}
 g - a scroll of teleportation {unknown}
 j - a scroll of amnesia {unknown}
Potions
 f - a potion of flight {unknown}
 k - a potion of agility {unknown}
Comestibles
 c - 2 rations
 l - 2 chunks of flesh


   Skills:
 - Level 1.1(0.0) Fighting
 - Level 1.7(0.3) Dodging
 - Level 5.0(3.4) Unarmed Combat
 - Level 2.0(0.5) Spellcasting
 + Level 4.7(3.1) Transmutations


You had 2 spell levels left.
You knew the following spells:

 Your Spells              Type           Power        Failure   Level  Hunger
a - Beastly Appendage     Tmut           #.....       19%         1    ##.....
b - Sticks to Snakes      Tmut           #.......     26%         2    ###....
c - Spider Form           Tmut/Pois      #.........   61%         3    ####...

Your spell library contained the following spells:

 Spells                   Type           Power        Failure   Level  Hunger
 Ice Form                 Ice/Tmut       #.......     92%         4    #####..
 Blade Hands              Tmut           #.........   97%         5    ######.


Dungeon Overview and Level Annotations

Branches:
Dungeon (3/15)

Altars:


Innate Abilities, Weirdness & Mutations

((Your plain brown scales are hard. (AC +5)))
You cannot fit into any form of body armour.
((You are cold-blooded and may be slowed by cold attacks.))


Message History

The orc completely misses you. The orc hits you but does no damage.
Something hits you.
You hit the orc.
The orc is almost dead.
The orc hits you with a +0 hand axe!
* * * LOW HITPOINT WARNING * * *
The orc misses you. Something hits you.
* * * LOW HITPOINT WARNING * * *
You hit something.
Reactivating autopickup.
You feel a bit more experienced. The orc hits you with a +0 hand axe.
* * * LOW HITPOINT WARNING * * *
The orc hits you with a +0 club.
* * * LOW HITPOINT WARNING * * *
You hit the orc.
You kill the orc!
You hit the orc.
The orc looks even sicker.
The orc is almost dead.
The orc hits you with a +0 club.
You die...

...#...##........(..######.######
...#...##........####.....((...##
...#...##........# #..........##
)................####.....(....##
.................##......(.....##
.................##.....(......##
.................##....###)######
................)#.....).....# #
..........####.)s#...........####
..........#####o)#...........'...
..........##...[.#...........####
..........##...[>................
..........##...##################
########...'...'....# #...... #
#.###...####.# #.##### # #.#
#...# #.# #.#..#. # #.# #...# #.#
#......


You could see an orc.

Vanquished Creatures
  An ogre (D:2)
  2 orc wizards
  A worker ant zombie (D:2)
  2 adders (D:2)
  4 gnolls
  An ooze (D:3)
  A worm (D:2)
  2 leopard geckos (D:2)
  6 orcs
  7 bats
  A giant cockroach (D:3)
  8 goblins
  3 hobgoblins
  3 jackals (D:2)
  A quokka (D:2)
  A ball python (D:1)
  A frilled lizard (D:2)
  7 kobolds
  4 rats
56 creatures vanquished.

Vanquished Creatures (collateral kills)
  A worm (D:2)
  A frilled lizard (D:2)
2 creatures vanquished.

Grand Total: 58 creatures vanquished

Notes
Turn   | Place    | Note
-------+----------+-------------------------------------------
     0 | D:1      | HAL9000 the Draconian Transmuter began the quest for the
                  | Orb.
     0 | D:1      | Reached XP level 1. HP: 16/16 MP: 3/3
    42 | D:1      | Reached XP level 2. HP: 15/23 MP: 3/5
   625 | D:1      | Learned a level 2 spell: Sticks to Snakes
   680 | D:1      | Reached skill level 4 in Unarmed Combat
  1311 | D:2      | Reached XP level 3. HP: 20/28 MP: 1/6
  2249 | D:2      | Reached skill level 5 in Unarmed Combat
  2249 | D:2      | Reached XP level 4. HP: 35/35 MP: 3/7
  2292 | D:2      | Learned a level 3 spell: Spider Form
  2423 | D:2      | Noticed an ogre
  2434 | D:2      | Killed an ogre
  2434 | D:2      | Reached XP level 5. HP: 20/40 MP: 1/8
  3676 | D:2      | HP: 2/40 [orc/+0 club (1)]
  3678 | D:2      | Slain by an orc

Levels and vault maps discovered:
D:1:      minmay_arrival_widening_spiral_wide, layout_rooms
D:2:      layout_basic
D:3:      layout_rooms, makhleb_altar_promises_db, lemuel_round_altar,
          nicolae_qazlal_general_emergency

Skill      XL: |  1  2  3  4  5 |
---------------+----------------+-----
Unarmed Combat | 4 5 |  5.0
Transmutations | 3 4 |  4.7
Fighting       | |  1.1
Dodging        | |  1.7
Spellcasting   | |  2.0

Action                   |  1- 3 |  4- 6 || total
-------------------------+-------+-------++-------
Melee: Unarmed           |   138 |    92 ||   230
       Tailslap          |    18 |     9 ||    27
       Kick              |    10 |       ||    10
       Headbutt          |     1 |     1 ||     2
       Punch             |     2 |       ||     2
Throw: Dart              |       |     1 ||     1
 Cast: Beastly Appendage |    14 |     5 ||    19
       Sticks to Snakes  |     4 |     6 ||    10
       Spider Form       |       |     2 ||     2
  Eat: Chunk             |     5 |     5 ||    10
Armor: Skin              |    54 |    46 ||   100
Dodge: Dodged            |   131 |    85 ||   216

Table legend:
 A = Non-vault XP
 B = Vault XP
 C = Vault XP percentage of total XP
 D = Non-vault monster count
 E = Vault monster count
 F = Vault count percentage of total count
                 A         B        C        D         E       F
            +---------+---------+-------+---------+---------+-------
      Total |     356 |       0 |   0.0 |      58 |       0 |   0.0
            +---------+---------+-------+---------+---------+-------
        D:1 |      43 |       0 |   0.0 |      15 |       0 |   0.0
        D:2 |     260 |       0 |   0.0 |      37 |       0 |   0.0
        D:3 |      53 |       0 |   0.0 |       6 |       0 |   0.0
            +---------+---------+-------+---------+---------+-------
